 Dungeon Crawl Stone Soup version 0.28-a0-1182-g381e24db82 (webtiles) character file.

Game seed: 9336732329504986814

8807 ytrimaz the Protected (level 11, 0/78 HPs)
             Began as a Formicid Fighter on Dec 16, 2021.
             Was an Elder of Okawaru.
             Killed by divine providence
             ... invoked by a balrug
              (15 damage)
             ... on level 2 of the Abyss.
             The game lasted 00:10:52 (12522 turns).

ytrimaz the Protected (Formicid Fighter)           Turns: 12522, Time: 00:10:52

Health: 0/78       AC: 19    Str: 27 (28) XL:     11   Next: 62%
Magic:  14/14      EV:  8    Int:  3 (5)  God:    Okawaru [****..]
Gold:   575        SH:  4    Dex:  8      Spells: 10/10 levels left

rFire   . . .      SeeInvis +   i - +2 war axe (elec)
rCold   . . .      Faith    .   c - +0 buckler
rNeg    . . .      Spirit   .   g - +4 plate armour
rPois   .          Reflect  .   (helmet unavailable)
rElec   .          Harm     .   (no cloak)
rCorr   .          Rampage  .   (no gloves)
Will    +....                   (no boots)
Stlth   ..........              j - amulet of the acrobat
HPRegen 0.23/turn               s - +4 ring of slaying
MPRegen 0.14/turn               (no ring)

@: no status effects
A: permanent stasis, dig shafts and tunnels, antennae 3, four strong arms, beak,
clumsy 1, deterioration 1, dopey 1, frail 1, high mp 1, strong 1, MP-powered
wands
a: Dig, Shaft Self, Renounce Religion, Heroism, Finesse


You were on level 2 of the Abyss.
You worshipped Okawaru.
Okawaru was greatly pleased with you.
You visited 2 branches of the dungeon, and saw 11 of its levels.
You visited the Abyss 1 time.

You collected 575 gold pieces.

Inventory:

Hand Weapons
 a - a +1 war axe
 i - a +2 war axe of electrocution (weapon)
Missiles
 e - 11 boomerangs (quivered)
 f - 2 javelins
 u - a throwing net
Armour
 c - a +0 buckler (worn)
 d - a +2 kite shield
 g - a +4 plate armour (worn)
Jewellery
 j - an amulet of the acrobat (around neck)
 s - a +4 ring of slaying (left hand)
Wands
 b - a wand of paralysis (19)
 k - a wand of flame (8)
 n - a wand of charming (8)
 o - a wand of iceblast (4)
 t - a wand of acid (10)
Scrolls
 l - a scroll of amnesia
Potions
 h - 6 potions of curing
 m - 3 potions of brilliance
 p - 2 potions of attraction
 q - a potion of cancellation


   Skills:
 * Level 8.9 Fighting
 + Level 9.1 Axes
 * Level 7.0 Throwing
 * Level 11.9 Armour
 - Level 3.6 Shields
 * Level 3.2 Invocations


You had 10 spell levels left.
You didn't know any spells.
Your spell library contained the following spells:

 Spells                   Type           Power      Damage    Failure   Level
 Static Discharge         Conj/Air       0%         N/A       100%        2
 Lightning Bolt           Conj/Air       0%         1d11      100%        5
 Orb of Destruction       Conj           0%         N/A       100%        7
 Maxwell's Capacitive Co  Air            0%         ∞         100%        8
 Summon Guardian Golem    Hex/Summ       Unusable   N/A       N/A         3
 Spellforged Servitor     Conj/Summ      Unusable   N/A       N/A         7

Dungeon Overview and Level Annotations

Branches:
Dungeon (10/15)            Temple (1/1) D:7             Orc (0/2) D:9
   Lair: D:8-11

Altars:
Ashenzari
Cheibriados
Dithmenos
Elyvilon
Fedhas
Gozag
Hepliaklqana
Kikubaaqudgha
Makhleb
Nemelex Xobeh
Okawaru
Qazlal
Ru
Sif Muna
Trog
Uskayaw
Vehumet
Wu Jian
Xom
Yredelemnul
Zin
The Shining One

Shops:
D:1 [


Innate Abilities, Weirdness & Mutations

You cannot be hasted, slowed, berserked, paralysed or teleported.
You can dig through walls and to a lower floor.
You have a pair of large antennae on your head. (SInv)
Your four strong arms can wield two-handed weapons with a shield.
You have a beak for a mouth.
You are clumsy. (Dex -2)
Your body sometimes deteriorates upon taking damage.
You are dopey. (Int -2)
You are frail. (-10% HP)
You have an increased reservoir of magic. (+10% MP)
Your muscles are strong. (Str +2)
You expend magic power (3 MP) to strengthen your wands.


Message History

You extend your mandibles.
You dig through the rock wall.
Unknown command.
You retract your mandibles.
Found a book of Winter.
A neqoxec comes into view.
The neqoxec gestures at you.
Strange energies course through your body.
You feel frail. The neqoxec gestures at you.
Strange energies course through your body.
You feel yourself wasting away.
Unknown command.
The neqoxec gestures at you.
You feel dopey. Something feeds on your intellect!
The neqoxec hits you but does no damage.
Unknown command.
The neqoxec gestures at you.
Strange energies course through your body.
You feel stupid.
Found 13 stones.
The neqoxec misses you.
You see here a book of Winter.
Unknown command.
Okay, then.
Okay, then.
Unknown command.
Found a war axe.
The sun demon hits you!
You are engulfed in flames!
You slash the sun demon!
The sun demon is moderately wounded.
The sun demon hits you!!
You are engulfed in flames!
* * * LOW HITPOINT WARNING * * *
Your body deteriorates!
You feel weakened.
You hit the sun demon.
The sun demon is moderately wounded.
The sun demon hits you but does no damage.
The balrug gestures at you. Something smites you!
You die... 3

.# #. # #.###.# ..
... .##.#..# ..
... .##2..# ..
...# # ..{.##
.#... ...#...#
.#.. . .##..
###### ..#.#.#
###.
...#....###.......
# #.##....2.3.3@#
.. ##.).######..#
.#. ##### ### ###
.#


You could see a balrug and 2 sun demons.

Vanquished Creatures
  Erica (D:10)
  3 two-headed ogres
  Urug (D:10)
  An orc knight (D:10)
  Pikel (D:7)
  Joseph (D:7)
  A troll (D:9)
  Grinder (D:3)
  A vampire (D:8)
  A wraith (D:10)
  9 yaks (D:9)
  A steam dragon (D:9)
  A water moccasin (D:7)
  An orc warrior (D:9)
  2 ice beasts
  3 ogres
  2 necrophages
  A centaur (D:8)
  A gnoll sergeant (D:8)
  4 bullfrogs
  3 scorpions
  A wyvern zombie (D:9)
  13 wights
  A centaur zombie (D:7)
  A jelly (D:6)
  A bullfrog skeleton (D:5)
  A centaur skeleton (D:7)
  3 orc priests
  A hound (D:5)
  4 orc wizards
  A scorpion zombie (D:5)
  Ijyb (D:3)
  An iguana (D:7)
  A killer bee zombie (D:8)
  2 adders
  6 gnolls
  2 shadow imps (D:7)
  3 white imps
  An ufetubus (D:6)
  An adder skeleton (D:4)
  3 worms
  A dart slug (D:3)
  8 orcs
  4 bats
  7 endoplasms
  4 giant cockroaches
  9 goblins
  6 hobgoblins
  12 jackals
  6 kobolds
  3 quokkas
  4 ball pythons
  3 frilled lizards
  4 rats
159 creatures vanquished.

Notes
Turn   | Place    | Note
-------+----------+-------------------------------------------
     0 | D:1      | ytrimaz the Formicid Fighter began the quest for the Orb.
     0 | D:1      | Reached XP level 1. HP: 18/18 MP: 1/1
    77 | D:1      | Reached XP level 2. HP: 15/24 MP: 2/2
   381 | D:1      | Found Ciklu's Armour Shop.
   527 | D:1      | Reached XP level 3. HP: 30/30 MP: 3/3
   540 | D:1      | Reached skill level 4 in Armour
  1075 | D:2      | Found a faded altar of an unknown god.
  1312 | D:2      | Reached XP level 4. HP: 37/37 MP: 4/4
  2151 | D:3      | Noticed Ijyb
  2154 | D:3      | Gained mutation: You sometimes lose the ability to read
                  | scrolls when taking damage. [potion of mutation]
  2154 | D:3      | Gained mutation: Your body sometimes deteriorates upon
                  | taking damage. [potion of mutation]
  2154 | D:3      | Gained mutation: Your mind is acute. (Int +2) [potion of
                  | mutation]
  2154 | D:3      | Gained mutation: Your flesh is cold resistant. (rC+)
                  | [potion of mutation]
  2163 | D:3      | Killed Ijyb
  2164 | D:3      | Reached skill level 1 in Throwing
  2164 | D:3      | Reached XP level 5. HP: 39/42 MP: 5/5
  2164 | D:3      | Lost mutation: Your flesh is cold resistant. (rC+) [potion
                  | of mutation]
  2164 | D:3      | Lost mutation: You sometimes lose the ability to read
                  | scrolls when taking damage. [potion of mutation]
  2164 | D:3      | Gained mutation: You have a beak for a mouth. [potion of
                  | mutation]
  2164 | D:3      | Gained mutation: You expend magic power (3 MP) to
                  | strengthen your wands. [potion of mutation]
  2624 | D:3      | Noticed Grinder
  2647 | D:3      | Killed Grinder
  2648 | D:3      | Reached skill level 5 in Armour
  2648 | D:3      | Reached XP level 6. HP: 33/49 MP: 6/6
  3338 | D:4      | Reached XP level 7. HP: 55/55 MP: 7/7
  3765 | D:5      | Entered Level 5 of the Dungeon
  4085 | D:5      | Reached skill level 5 in Axes
  4491 | D:5      | Reached skill level 5 in Fighting
  4491 | D:5      | Reached skill level 6 in Armour
  4491 | D:5      | Reached XP level 8. HP: 30/62 MP: 8/8
  4803 | D:5      | Lost mutation: Your body sometimes deteriorates upon taking
                  | damage. [potion of mutation]
  4803 | D:5      | Gained mutation: You have hidden genetic defects. [potion
                  | of mutation]
  4803 | D:5      | Gained mutation: Your muscles are strong. (Str +2) [potion
                  | of mutation]
  4803 | D:5      | Gained mutation: You have an increased reservoir of magic.
                  | (+10% MP) [potion of mutation]
  5252 | D:6      | Lost mutation: Your mind is acute. (Int +2) [hidden
                  | defects]
  5626 | D:6      | Gained mutation: You are clumsy. (Dex -2) [hidden defects]
  5626 | D:6      | Lost mutation: You have hidden genetic defects. [hidden
                  | defects expressed]
  5736 | D:6      | Reached skill level 7 in Armour
  6457 | D:7      | Reached XP level 9. HP: 65/69 MP: 9/9
  6799 | D:7      | Noticed Joseph
  6815 | D:7      | Killed Joseph
  6816 | D:7      | Reached skill level 8 in Armour
  6818 | D:7      | Reached skill level 5 in Throwing
  6962 | D:7      | Noticed Pikel
  6998 | D:7      | Killed Pikel
  7326 | D:7      | Found a staircase to the Ecumenical Temple.
  7342 | Temple   | Entered the Ecumenical Temple
  7507 | Temple   | Became a worshipper of Warmaster Okawaru
  7727 | D:7      | Reached skill level 9 in Armour
  8073 | D:7      | You fall into a shaft and drop 2 floors!
  8114 | D:9      | Noticed a troll
  8121 | D:9      | Killed a troll
  8122 | D:9      | Reached XP level 10. HP: 57/77 MP: 11/11
  8127 | D:9      | Noticed a two-headed ogre
  8134 | D:9      | HP: 1/77 [two-headed ogre (13)]
  8139 | D:9      | Killed a two-headed ogre
  8139 | D:9      | Reached * piety under Okawaru
  8596 | D:9      | Noticed a two-headed ogre
  8625 | D:9      | Reached skill level 10 in Armour
  8634 | D:9      | Killed a two-headed ogre
  8634 | D:9      | Reached ** piety under Okawaru
  8996 | D:9      | Found a staircase to the Orcish Mines.
  9692 | D:7      | Found a shimmering blue altar of Sif Muna.
 10414 | D:9      | Reached XP level 11. HP: 73/86 MP: 12/12
 10537 | D:9      | Reached skill level 11 in Armour
 10537 | D:9      | Reached skill level 1 in Invocations
 10542 | D:9      | Reached *** piety under Okawaru
 10542 | D:9      | Received a gift from Okawaru
 11084 | D:10     | Entered Level 10 of the Dungeon
 11242 | D:10     | Noticed Urug
 11242 | D:10     | Noticed a +4 demon blade
 11242 | D:10     | Noticed Erica
 11259 | D:10     | Killed Urug
 11265 | D:10     | Killed Erica
 11265 | D:10     | Received a gift from Okawaru
 11696 | D:10     | Noticed an orc knight
 11705 | D:10     | Noticed a two-headed ogre
 11713 | D:10     | Killed an orc knight
 12142 | D:10     | Killed a two-headed ogre
 12142 | D:10     | Reached **** piety under Okawaru
 12472 | D:10     | Noticed a wizard
 12478 | D:10     | Cast into level 2 of the Abyss (a wizard)
 12490 | Abyss:2  | Found a corrupted altar of Lugonu.
 12490 | Abyss:2  | Noticed a balrug
 12491 | Abyss:2  | Noticed a sun demon
 12491 | Abyss:2  | Noticed a sun demon
 12491 | Abyss:2  | Noticed a sun demon
 12499 | Abyss:2  | Gained mutation: You are frail. (-10% HP) [a neqoxec]
 12501 | Abyss:2  | Gained mutation: Your body sometimes deteriorates upon
                  | taking damage. [a neqoxec]
 12504 | Abyss:2  | Gained mutation: You are dopey. (Int -2) [a neqoxec]
 12522 | Abyss:2  | Killed from afar by a balrug

Illustrated notes

Levels and vault maps discovered:
D:1:      psy_arrival_radial01, layout_loops_ring, serial_shops, shop,
          minivault_4
D:2:      layout_basic, dreamdust_ecumenical_altar_angels_and_demons
D:3:      layout_loops_corners, uniq_grinder, uniq_ijyb
D:4:      layout_cave_pods
D:5:      layout_loops_cross, serial_glass, glass_columns_a, glass_columns_b
D:6:      layout_loops_ring, serial_glass, glass_columns_b, glass_columns_c,
          minmay_misc_feat_tower
D:7:      layout_layer_cave, kennysheep_orc_sif_temple,
          minmay_temple_entry_drinking_statues, nicolae_ossuary_entry_plus,
          mrwooster_statue_mirror, hangedman_abyss_or_decor_lesser_grid,
          uniq_joseph, uniq_pikel
D:8:      layout_loops_ring
D:9:      layout_basic, orc_0_dummy
D:10:     layout_loops_ring, lair_entry_dummy, minmay_shop_mass,
          grunt_livestock, dk_noncrumbling_4, corexii_corridor_pit,
          sword_in_stone, uniq_fannar
Temple:   kilobyte_greek_temple
Abyss:2:  base:
D:4

Skill      XL: |  1  2  3  4  5  6  7  8  9 10 11 |
---------------+----------------------------------+-----
Armour         | 4 5 6 7 9 10 11 | 11.9
Fighting       | 4 5 6 8 |  8.9
Throwing       | 1 2 3 5 6 7 |  7.0
Axes           | 4 5 6 7 8 9 |  9.1
Invocations    | 3 |  3.2
Shields        | |  3.6

Action                   |  1- 3 |  4- 6 |  7- 9 | 10-12 || total
-------------------------+-------+-------+-------+-------++-------
Melee: War axe           |    73 |   140 |   183 |   166 ||   562
       Peck              |       |    12 |    46 |    24 ||    82
Throw: Boomerang         |       |       |    31 |     9 ||    40
Invok: Heroism           |       |       |       |     3 ||     3
 Abil: Shaft Self        |       |       |     1 |       ||     1
       Dig               |       |       |       |     1 ||     1
  Use: Scroll            |     1 |     3 |     7 |     6 ||    17
       Potion            |       |     2 |     3 |     7 ||    12
Armor: Scale mail        |     5 |       |       |       ||     5
       Plate armour      |    47 |    83 |   119 |    41 ||   290
       Skin              |       |       |       |    18 ||    18
Dodge: Dodged            |    29 |    44 |    83 |    56 ||   212
Block: Buckler           |    17 |    40 |    44 |    24 ||   125

Table legend: (Time is in decaauts)
 A = Elapsed time spent in this place.
 B = Non-inter-level travel time spent in this place.
 C = Inter-level travel time spent in this place.
 D = Time resting spent in this place.
 E = Time spent auto-exploring this place.
 F = Levels seen in this place.
 G = Mean time per level.
                   A        B        C        D        E       F      G
               +--------+--------+--------+--------+--------+-----+--------+
         Total |  12653 |  12245 |    408 |   2065 |   8430 |  12 | 1054.4 |
       Dungeon |  12413 |  12034 |    379 |   2065 |   8280 |  10 | 1241.3 |
        Temple |    195 |    166 |     29 |      0 |    147 |   1 |  195.0 |
         Abyss |     44 |     44 |      0 |      0 |      3 |   1 |   44.0 |
               +--------+--------+--------+--------+--------+-----+--------+

Top non-repeatable levels by time:
     D:9: 2172 daAuts
     D:7: 1757 daAuts
     D:6: 1519 daAuts
     D:5: 1136 daAuts
     D:1: 1086 daAuts
     D:3: 1062 daAuts
     D:8: 1007 daAuts
    D:10: 974 daAuts
     D:4: 905 daAuts
     D:2: 792 daAuts
  Temple: 195 daAuts
 Abyss:2: 44 daAuts
